Unix NetHack Version 3.7.0-53 Work-in-progress - last build Apr 4 2022 15:05:14 (0945cd16e85ecfe9c80600c62adfe552c28f66b8,branch:master). Game began 2022-04-07 14:04:52, ended 2022-04-07 19:27:55. Gandelf, neutral male human Monk ----------- ---- |.........| -------->.-- |.........| |..........| |.........| |.-.-----..| |....<....| |00.|...|..| |........1| |-.0.......| |.........| |..|.......| |.........| |.--.0----.| |.........| --.|@.0..0..| |+------------.0.%.-0---.| |.^^^^...........-...|...| ----------------..)%.....| |..|..----- ------- Gandelf the Initiate St:18/01 Dx:10 Co:17 In:10 Wi:14 Ch:10 Neutral S:3808 Dlvl:5 $:8 HP:53(53) Pw:33(33) AC:0 Xp:7/860 T:4120 Latest messages: The boulder falls into and plugs a hole in the floor! You kill the garter snake! You see here a wand of polymorph. You see here a wand of polymorph. y - a wand of polymorph. The dust vortex misses! You hit the dust vortex! The dust vortex engulfs you! You can't see in here! You are beginning to feel weak. You hit the dust vortex. You hit the dust vortex. You destroy the dust vortex! You can see again. With great effort you move the boulder. You are carrying too much to get through. You see here a leocrotta corpse. You see here an uncursed dart. You are carrying too much to get through. You faint from lack of food. You regain consciousness. What do you want to eat? [fgilu or ?*] f This food really hits the spot! You finish eating the food ration. You see here a quasit corpse. With great effort you move the boulder. With great effort you move the boulder. The boulder falls into and plugs a hole in the floor! You are carrying too much to get through. The boulder won't roll diagonally on this floor. The boulder won't roll diagonally on this floor. You see here a quasit corpse. Air currents pull you down into a hole! You swap places with the peaceful garter snake. You stop. Your kitten is in the way! You stop. Your kitten is in the way! You stop. Your kitten is in the way! You swap places with your kitten. You climb up the stairs. With great effort you move the boulder. You are carrying too much to get through. With great effort you move the boulder. You are carrying too much to get through. You see here a leocrotta corpse. You see here an uncursed dart. You see here a quasit corpse. With great effort you move the boulder. You are carrying too much to get through. Really quit? [yn] (n) y Do you want your possessions identified? [ynq] (y) q Major events: Turn 1: Gandelf the neutral male human Monk entered the dungeon 848: attained the rank of Novice (level 3) 1478: entered the Gnomish Mines 2401: attained the rank of Initiate (level 6) 2706: entered Sokoban 3261: completed sokoban 1 4120: quit Inventory: Coins $ - 8 gold pieces Weapons m - 20 +0 darts (at the ready) Armor V - an uncursed +0 dwarvish iron helm (being worn) a - an uncursed +2 pair of leather gloves (being worn) W - an uncursed +0 pair of iron shoes (being worn) v - an uncursed +1 robe (being worn) Comestibles g - 8 uncursed apples l - 2 uncursed food rations i - 5 uncursed fortune cookies u - an uncursed tripe ration Scrolls o - a cursed scroll of create monster h - 2 uncursed scrolls of earth r - a cursed scroll of food detection c - an uncursed scroll of identify b - a blessed scroll of light Rings d - a cursed ring of polymorph w - an uncursed ring of protection from shape changers H - an uncursed ring of regeneration (on left hand) Z - an uncursed ring of stealth (on right hand) Wands C - a wand of cancellation (0:5) M - a wand of cancellation (0:5) E - a wand of fire (0:5) n - a wand of light (0:11) y - a wand of polymorph (0:7) Tools x - an uncursed blindfold A - an uncursed blindfold s - a blessed crystal ball (0:4) k - an uncursed lock pick j - a magic marker (0:37) O - an uncursed oil lamp X - a +0 pick-axe G - an uncursed stethoscope R - an uncursed tallow candle Y - a cursed tallow candle q - a +0 unicorn horn Gems/Stones p - an uncursed luckstone Gandelf the Monk's attributes: Background: You were an Initiate, a level 7 male human Monk. You were neutral, on a mission for Chih Sung-tzu who was opposed by Shan Lai Ching (lawful) and Huan Ti (chaotic). You were in Sokoban, on level 5. You entered the dungeon 4120 turns ago. You had 860 experience points, 420 more were needed to attain level 8. Your score was 3808 before end-of-game adjustments. Basics: You had all 53 hit points. You had all 33 energy points (spell power). Your armor class was 0. Your wallet contained 8 zorkmids. Autopickup was off. Final Characteristics: Your strength was 18/01 (limit:18/100). Your dexterity was 10 (limit:18). Your constitution was 17 (limit:18). Your intelligence was 10 (limit:18). Your wisdom was 14 (limit:18). Your charisma was 10 (limit:18). Final Status: You were not hungry. You were unencumbered. You were empty handed. You were skilled in martial arts. Final Attributes: You were piously aligned. You were sleep resistant. You were poison resistant. You saw invisible. You were warned. You were stealthy. You regenerated. You were guarded. You were fast. You were lucky. You had extra luck. Bad luck did not time out for you. Good luck did not time out for you. You survived. Miscellaneous: You encountered 1 bones level. Total elapsed playing time was 31 minutes and 46 seconds. Vanquished creatures: a small mimic a leocrotta a giant beetle 4 wolves a lynx a yeti a dingo a white unicorn 2 dust vortices a bugbear a quasit a yellow light a shrieker a gnomish wizard an elf zombie a paper golem a baby crocodile 2 floating eyes 3 dwarves 2 homunculi a kobold leader a rabid rat a giant bat 3 dwarf zombies a wererat 3 iguanas an acid blob 4 coyotes a gas spore a hobbit a large kobold a hobgoblin a giant rat 4 yellow molds 2 green molds 2 red molds 5 gnomes 5 garter snakes 3 gnome zombies 4 geckos 3 jackals 3 kobolds a goblin 5 sewer rats 5 grid bugs 3 lichens a kobold zombie 7 newts 101 creatures vanquished. No species were genocided or became extinct. Voluntary challenges: You followed a strict vegan diet. You never hit with a wielded weapon. You read items or engraved 2 times. You never engraved Elbereth. You never genocided any monsters. You never polymorphed an object. You never changed form. You used no wishes. You did not violate any of the special Sokoban rules. Achievements: You entered a shop. You attained the rank of Novice. You entered the Gnomish Mines. You attained the rank of Initiate. You entered Sokoban. The Dungeons of Doom: levels 1 to 8 Level 1: An altar to Chih Sung-tzu. Level 2: A general store, a grave. Stairs down to The Gnomish Mines. Level 3: Level 4: Level 5: A fountain. Level 6: Level 7: Some fountains. Stairs up to Sokoban, level 6. Level 8: Final resting place for nurdglaw-Cav-Gno-Fem-Neu, killed by a leocrotta. The Gnomish Mines: Level 3: Sokoban: levels 6 up to 5 Level 5: <- You were here. Unsolved. Level 6: Solved. Goodbye Gandelf the Monk... You quit in Sokoban on dungeon level 5 with 3808 points, and 8 pieces of gold, after 4120 moves. You were level 7 with a maximum of 53 hit points when you quit.